 Dungeon Crawl Stone Soup version 0.23.2-30-g0e89c35649 (webtiles) character file.

Game seed: 1958367231869308576

626 PentaManta the Sneak (level 7, -3/32 HPs)
             Began as a Spriggan Enchanter on June 13, 2019.
             Slain by a gnoll (5 damage)
             ... on level 4 of the Dungeon.
             The game lasted 00:24:56 (7048 turns).

PentaManta the Sneak (Spriggan Enchanter)           Turns: 7048, Time: 00:24:57

Health: -3/32      AC:  2    Str:  4    XL:     7   Next: 23%
Magic:  14/14      EV: 23    Int: 16    God:
Gold:   228        SH:  0    Dex: 19    Spells: 3/14 levels left

rFire    . . .     SeeInvis +   a - +1 dagger
rCold    . . .     Gourm    .   (shield restricted)
rNeg     . . .     Faith    .   b - +0 robe
rPois    .         Spirit   .   (helmet restricted)
rElec    .         Reflect  .   (no cloak)
rCorr    .         Harm     .   (gloves unavailable)
MR       +....                  (boots unavailable)
Stlth    ++++......             (no amulet)
HPRegen  0.10/turn              (no ring)
MPRegen  0.14/turn              (no ring)

@: very quick
A: very small, unfitting armour, see invisible, herbivore, speed 3, slow
metabolism 2
a: no special abilities


You were on level 4 of the Dungeon.
You were hungry.

You visited 1 branch of the dungeon, and saw 4 of its levels.
You also visited: Sewer.

You collected 228 gold pieces.

Inventory:

Hand Weapons
 a - a +1 dagger (weapon)
Missiles
 c - 142 stones (quivered)
Armour
 b - a +0 robe (worn)
Wands
 r - a wand of random effects (13)
Scrolls
 g - 4 scrolls of remove curse
 i - 6 scrolls of teleportation
 k - 5 scrolls of identify
 l - 2 scrolls of blinking {unknown}
 n - 3 scrolls of fog {unknown}
 p - a scroll of vulnerability {unknown}
 q - a scroll of fear {unknown}
 t - a scroll of amnesia
Potions
 d - a potion of mutation {unknown}
 e - a potion of flight
 f - a potion of invisibility {unknown}
 h - 3 potions of brilliance {unknown}
 j - a potion of might {unknown}
 m - 3 potions of curing
 o - 3 potions of degeneration {unknown}
 s - a potion of lignification {unknown}


   Skills:
 * Level 3.5 Short Blades
 + Level 6.7 Dodging
 + Level 7.9 Stealth
 - Level 4.2 Spellcasting
 - Level 5.0 Hexes


You had 3 spell levels left.
You knew the following spells:

 Your Spells              Type           Power        Failure   Level  Hunger
a - Confuse               Hex            ###.....     6%          3    ###....
b - Ensorcelled Hibernat  Hex/Ice        ##....       9%          2    ##.....
c - Dazzling Spray        Conj/Hex       ##....       19%         3    ###....
d - Tukima's Dance        Hex            ###.....     6%          3    ###....

Your spell library contained the following spells:

 Spells                   Type           Power        Failure   Level  Hunger
 Corona                   Hex            ###....      1%          1    None


Dungeon Overview and Level Annotations

Branches:
Dungeon (4/15)
 Temple: D:4-7

Altars:
Elyvilon
Gozag
Hepliaklqana
Makhleb
Qazlal
Ru
Wu Jian
Xom


Innate Abilities, Weirdness & Mutations

You are very small and have problems with some larger weapons.
You are too small for most types of armour.
You have supernaturally acute eyesight. (SInv)
You are a herbivore.
You cover ground extremely quickly.
You need to consume almost no food.


Message History

The gnoll completely misses you.
You barely miss the gnoll.
The gnoll is heavily wounded.
The gnoll completely misses you.
You hit the gnoll.
The gnoll is severely wounded.
You hit the gnoll.
The gnoll is almost dead.
The gnoll closely misses you.
You hit the gnoll but do no damage.
The gnoll is almost dead.
The gnoll barely misses you.
You hit the gnoll.
You kill the gnoll!
You barely miss the gnoll. The gnoll misses you.
You hit the gnoll but do no damage. The gnoll misses you.
You hit the gnoll.
The gnoll is moderately wounded.
The gnoll hits you.
You die...

#.........##.##..# #..# #.# #.#
.......##........###..###.###)#
...#.### ##..og.g.........)..#
####.#######.#g#..........#####
.#.......#.######..##.#
.#.#####.#o# #..##.# .# #.#.#
#..##.#
##....#####.#g######..##.#
..#.........og@......##.#
###....####..########.###.#
#..... #..# #.# #.#
##.....####..# ### #.#
.............. ..# #.#
##....†#.##.## #.# #.#
#........#.# #.# #[# #.#
###.##.#.#.# #.# .# #.#
#.##.#.#.#####.###.# #.#


You could see 2 gnolls and an orc.

Vanquished Creatures
  An orc warrior (D:4)
  2 scorpions (D:4)
  A jelly (D:3)
  An orc priest (D:3)
  2 orc wizards (D:4)
  A centaur skeleton (D:4)
  2 iguanas (D:4)
  A worker ant (D:4)
  A gnoll (D:4)
  4 adders
  6 oozes
  6 worms (Sewer)
  A dart slug (D:2)
  7 leopard geckos
  11 orcs
  8 ball pythons
  7 giant cockroaches
  10 goblins
  8 hobgoblins
  8 jackals
  A quokka (D:3)
  12 bats
  2 frilled lizards
  6 kobolds
  11 rats
120 creatures vanquished.

Notes
Turn   | Place    | Note
-------+----------+-------------------------------------------
     0 | D:1      | PentaManta the Spriggan Enchanter began the quest for the
                  | Orb.
     0 | D:1      | Reached XP level 1. HP: 9/9 MP: 5/5
   240 | D:1      | Reached XP level 2. HP: 13/13 MP: 6/6
   244 | D:1      | Learned a level 2 spell: Ensorcelled Hibernation
   266 | D:1      | Reached skill level 5 in Stealth
  1408 | D:2      | Found an ornate altar of the Wu Jian Council.
  1489 | D:2      | Found a hazy altar of Hepliaklqana.
  1510 | D:2      | Found a stormy altar of Qazlal.
  1514 | D:2      | Reached XP level 3. HP: 16/16 MP: 8/8
  1780 | D:2      | Learned a level 3 spell: Dazzling Spray
  2175 | D:2      | Found a white marble altar of Elyvilon.
  2693 | D:3      | Found a burning altar of Makhleb.
  2725 | D:3      | Learned a level 3 spell: Confuse
  2733 | D:3      | Found a shimmering altar of Xom.
  2754 | D:3      | Reached XP level 4. HP: 14/21 MP: 2/9
  2819 | D:3      | Found a glowing drain.
  2828 | Sewer    | Entered a sewer
  3828 | Sewer    | Reached skill level 6 in Stealth
  4282 | D:3      | Reached skill level 5 in Dodging
  4282 | D:3      | Reached XP level 5. HP: 24/24 MP: 6/11
  4544 | D:3      | Learned a level 3 spell: Tukima's Dance
  4762 | D:3      | Found an opulent altar of Gozag.
  5593 | D:3      | Found a sacrificial altar of Ru.
  5749 | D:4      | Reached XP level 6. HP: 23/28 MP: 10/13
  5892 | D:4      | Reached skill level 7 in Stealth
  5892 | D:4      | Reached skill level 5 in Hexes
  6707 | D:4      | Noticed an orc warrior
  6733 | D:4      | Killed an orc warrior
  6733 | D:4      | Reached XP level 7. HP: 22/32 MP: 1/14
  7031 | D:4      | HP: 1/32 [orc wizard/+0 dagger (2)]
  7048 | D:4      | Slain by a gnoll

Skill      XL: |  1  2  3  4  5  6 |
---------------+-------------------+-----
Stealth        | 5 6 7 |  7.9
Dodging        | 4 5 6 |  6.7
Spellcasting   | 3 4 |  4.2
Hexes          | 4 5 |  5.0
Short Blades   | 3 |  3.5

Action                   |  1- 3 |  4- 6 |  7- 9 || total
-------------------------+-------+-------+-------++-------
Melee: Dagger            |   178 |   373 |   100 ||   651
Throw: Stone             |     5 |       |       ||     5
 Cast: Ensorcelled Hiber |    13 |    34 |     2 ||    49
       Corona            |     2 |       |       ||     2
       Confuse           |     1 |     3 |       ||     4
       Dazzling Spray    |       |     4 |       ||     4
  Use: Scroll            |     6 |     1 |       ||     7
       Potion            |       |     1 |       ||     1
 Stab: Sleeping          |    28 |    30 |     2 ||    60
       Confused          |       |     1 |       ||     1
       Invisible         |       |     1 |       ||     1
  Eat: Ration            |       |     3 |     1 ||     4
Armor: Robe              |    25 |    28 |     2 ||    55
Dodge: Dodged            |   175 |   375 |    61 ||   611
